Map: Abiogenesis LE

Players

DeMusliM - Winner!

  • Race: Terran Terran
  • Spawn Location: 11:00

Trickstar

  • Race: Zerg Zerg
  • Spawn Location: 5:00

Event: WCS Leipzig 2018

VOD

Have the link to the VOD?

Description

Time

  • Played on: Jan. 26, 2018, 6:38 a.m.
  • Length: 12:15

All games in this series

Show
View Real Time Build Order
Export as new Build Order

DeMusliM Terran - Winner!

Build Orders: Reaper Expand, Hellion Banshee, Mech 

Get SALT Encoding   

  12  0:00  SCV  
  13  0:13  SCV  
  14  0:17  Supply Depot  
  14  0:25  SCV  
  15  0:39  SCV  
  15  0:41  Barracks  
  16  0:44  Refinery  
  16  0:51  SCV  
  17  1:03  SCV  
  18  1:15  SCV  
  19  1:28  Orbital Command, Reaper  
  20  1:41  Command Center  
  20  1:49  Supply Depot  
  20  1:53  SCV  
  21  2:00  Marine  
  22  2:05  SCV  
  23  2:14  Factory  
  23  2:16  Refinery  
  23  2:20  SCV  
  24  2:26  Barracks Reactor  
  24  2:36  SCV  
  25  2:48  SCV  
  26  2:58  Bunker  
  26  2:59  Starport  
  26  3:00  SCV  
  27  3:06  Orbital Command  
  27  3:09  Hellion  
  29  3:15  Barracks Tech Lab  
  29  3:16  SCV  
  29  3:20  Hellion  
  31  3:28  SCV  
  31  3:30  Hellion  
  31  3:33  SCV  
  35  3:40  SCV  
  35  3:41  Banshee  
  39  3:43  Hellion  
  39  3:46  SCV  
  42  3:52  SCV, Supply Depot  
  42  3:54  Hellion  
  45  3:58  SCV  
  46  4:04  Supply Depot  
  46  4:13  SCV x2, Hellion, Marine  
  46  4:16  Hellion  
  53  4:21  Cloaking Field  
  53  4:25  SCV x2  
  53  4:26  Viking  
  57  4:37  SCV x2, Supply Depot  
  59  4:47  Cyclone  
  62  4:59  SCV x2, Supply Depot, Cyclone  
  67  5:00  Armory  
  67  5:01  Supply Depot  
  67  5:04  Liberator  
  67  5:11  SCV x2  
  74  5:21  Hellion  
  74  5:23  SCV x2  
  76  5:29  Command Center  
  76  5:31  Hellion  
  78  5:39  SCV x2  
  78  5:41  Refinery  
  78  5:42  Refinery  
  82  5:43  Hellion  
  82  5:53  Hellion, Terran Vehicle Weapons Level 1  
  82  5:55  Supply Depot  
  84  6:00  SCV x2  
  86  6:12  Factory  
  86  6:14  Factory  
  86  6:17  Hellion x2  
  90  6:20  SCV x2  
  90  6:25  Supply Depot  
  90  6:32  Banshee  
  81  6:38  SCV x2  
  83  6:44  Factory  
  83  6:45  Factory  
  84  6:47  Supply Depot  
  84  6:50  SCV x2, Orbital Command  
  85  6:54  Hellion x2  
  85  7:00  Factory Tech Lab x2  
  89  7:02  SCV  
  89  7:03  SCV  
  91  7:10  Orbital Command  
  91  7:12  Supply Depot  
  91  7:15  SCV x2, Banshee  
  96  7:19  Siege Tank x2  
  96  7:20  Hellion x2  
  106  7:24  Refinery  
  106  7:27  SCV x2, Refinery  
  108  7:32  Factory Tech Lab, Factory Reactor  
  108  7:37  SCV, Supply Depot  
  108  7:39  SCV x2  
  108  7:43  Hellion x8  
  111  7:46  Hellion x2, Infernal Pre-Igniter  
  112  7:56  Siege Tank  
  115  7:59  Supply Depot  
  115  8:00  Supply Depot  
  115  8:01  Armory  
  115  8:07  Supply Depot  
  115  8:09  SCV x3  
  118  8:15  Engineering Bay  
  116  8:21  SCV  
  117  8:28  Hellion, Siege Tank x2  
  117  8:29  Hellion x3  
  117  8:33  SCV x2, Supply Depot  
  133  8:40  Siege Tank  
  136  8:46  Command Center  
  136  8:50  Terran Vehicle And Ship Armor Level 1, Terran Vehicle Weapons Level 2  
  136  8:59  Starport Reactor  
  136  9:00  Hellion x3, Siege Tank x2  
  136  9:01  Hellion  
  147  9:10  Supply Depot  
  147  9:13  Supply Depot  
  147  9:14  Siege Tank  
  150  9:26  Hellion x3  
  150  9:27  Hellion  
  150  9:29  Supply Depot  
  150  9:30  Supply Depot  
  158  9:32  Siege Tank x2  
  164  9:38  Viking  
  166  9:46  Siege Tank  
  166  9:48  Hellion x3, Viking  
  166  9:49  Hellion  
  179  10:04  Siege Tank x2  
  179  10:13  Hellion x3  
  179  10:14  Hellion, Viking  
  192  10:21  Siege Tank  
  192  10:26  Factory  
  182  10:28  Factory  
  182  10:30  Factory  
  171  10:37  Hellion x6  
  171  10:41  Refinery x2  
  166  10:53  Siege Tank  
  166  10:56  SCV x2  
  168  10:57  SCV  
  168  10:58  Hellion, Siege Tank x2  
  168  11:00  Hellion  
  179  11:06  Planetary Fortress  
  179  11:08  SCV x2  
  179  11:09  SCV  
  181  11:14  Hellion x2, Factory Tech Lab  
  181  11:15  Factory Reactor  
  185  11:24  Viking x2  
  192  11:25  Siege Tank  
  192  11:30  Hellion, Siege Tank  
  192  11:32  Siege Tank  
Show
View Real Time Build Order
Export as new Build Order

Trickstar Zerg 

Build Orders: Pool First 

Get SALT Encoding   

  12  0:00  Drone  
  13  0:12  Overlord  
  13  0:16  Drone  
  14  0:30  Drone x2  
  14  0:34  Drone  
  17  0:44  Spawning Pool  
  17  0:47  Drone  
  17  0:56  Drone  
  18  1:11  Hatchery  
  17  1:31  Zergling x6, Queen  
  22  1:42  Overlord  
  22  1:58  Hatchery  
  21  2:03  Drone x2  
  21  2:07  Extractor  
  22  2:14  Queen  
  24  2:25  Queen  
  25  2:39  Drone x2  
  25  2:40  Drone x2  
  27  2:47  Drone x2  
  27  2:49  Drone  
  30  3:06  Drone x4  
  34  3:16  Drone x2, Overlord  
  34  3:17  Drone  
  37  3:26  Metabolic Boost  
  37  3:28  Drone x2  
  37  3:30  Overlord  
  37  3:33  Drone  
  40  3:39  Drone x3  
  40  3:41  Extractor  
  42  3:42  Extractor  
  42  3:45  Drone x2  
  43  3:53  Queen  
  43  3:55  Queen  
  47  4:02  Zergling x6  
  50  4:08  Zergling x6  
  50  4:09  Zergling x2  
  54  4:13  Drone x2  
  56  4:19  Overlord, Roach Warren  
  55  4:24  Drone x2  
  55  4:34  Drone x3  
  58  4:42  Spore Crawler x2  
  58  4:44  Drone x6  
  62  4:50  Spore Crawler  
  61  4:55  Drone x3  
  61  4:56  Drone  
  65  5:05  Overlord x3  
  65  5:11  Lair  
  65  5:20  Drone  
  66  5:22  Extractor  
  66  5:26  Drone x3  
  66  5:27  Evolution Chamber  
  66  5:28  Roach x3  
  73  5:29  Roach, Evolution Chamber  
  73  5:35  Drone x2  
  76  5:38  Queen  
  76  5:39  Drone  
  79  5:47  Drone x3  
  82  5:54  Zerg Ground Armor Level 1, Zerg Missile Weapons Level 1  
  82  5:56  Overlord x2  
  81  6:09  Overlord  
  81  6:10  Overlord  
  81  6:16  Roach x4  
  81  6:17  Overlord x3  
  83  6:33  Drone x4  
  85  6:41  Drone x5  
  85  6:44  Hydralisk Den  
  87  6:49  Roach x3  
  92  6:55  Hatchery  
  92  6:59  Roach x3  
  95  7:13  Roach x5  
  105  7:19  Muscular Augments  
  105  7:21  Overlord x2  
  105  7:22  Drone  
  106  7:24  Extractor  
  106  7:27  Infestation Pit  
  106  7:28  Extractor, Hydralisk x2  
  107  7:36  Overseer  
  107  7:38  Hydralisk x2  
  107  7:39  Hydralisk x3  
  117  7:48  Glial Reconstitution  
  117  8:05  Hatchery  
  117  8:13  Drone x2  
  117  8:14  Drone x10  
  129  8:25  Overlord x2  
  129  8:26  Overlord  
  129  8:41  Hive  
  129  8:45  Hydralisk x7  
  143  8:52  Hydralisk  
  143  8:53  Hydralisk x3  
  151  9:00  Roach  
  151  9:01  Overlord x2  
  151  9:02  Overlord x3  
  153  9:06  Overlord  
  153  9:07  Overlord x2  
  153  9:14  Drone  
  154  9:22  Hydralisk x7  
  168  9:36  Overseer  
  168  9:38  Pneumatized Carapace, Spore Crawler  
  165  9:42  Hydralisk x4  
  167  9:54  Roach  
  167  9:55  Roach x3  
  170  10:07  Hydralisk x2  
  170  10:09  Overlord x4  
  170  10:10  Drone x9  
  170  10:12  Extractor  
  180  10:16  Overlord  
  180  10:17  Overlord  
  162  10:39  Hydralisk x4  
  118  10:52  Hydralisk  
  118  10:53  Hydralisk  
  104  10:58  Extractor  
  104  11:00  Roach  
  104  11:01  Roach x3  
  101  11:11  Roach x5  
  111  11:14  Queen x2  
  111  11:15  Queen x2  
  119  11:24  Roach x8  
  135  11:31  Hatchery  
  134  11:39  Viper  
  137  11:43  Hydralisk x2  
  137  11:44  Hydralisk  
  143  11:47  Roach x2  
  143  11:48  Roach x2  
Tags
 
Add a new tag
Caveats
  • Supply blocks, unpowered buildings, or Contaminate may cause inaccurate times.
  • Supply counts are checked every 10 seconds.